 Dungeon Crawl Stone Soup version 0.19-a0-49-gb8736b8 (webtiles) character file.

62 jyri the Poker (level 4, -1/33 HPs)
             Began as a Merfolk Gladiator on May 6, 2016.
             Slain by Terence
             ... wielding a +0 hand axe
              (3 damage)
             ... on level 2 of the Dungeon.
             The game lasted 00:07:37 (1873 turns).

jyri the Poker (Merfolk Gladiator)                  Turns: 1873, Time: 00:07:38

Health: -1/33      AC:  5    Str: 16    XL:     4   Next: 8%
Magic:  4/4        EV: 13    Int:  7    God:
Gold:   62         SH:  0    Dex: 14    Spells: 0 memorised, 3 levels left

rFire  . . .     SeeInvis .     j - +0 spear (flame)
rCold  . . .     Gourm    .     b - +0 leather armour
rNeg   . . .     Faith    .     (no shield)
rPois  .         Spirit   .     c - +0 helmet
rElec  .         Dismiss  .     p - +0 cloak
rCorr  .         Reflect  .     (no gloves)
SustAt .         Harm     .     (no boots)
MR     .....                    (no amulet)
Stlth  +.........               (no ring)
                                e - ring of wizardry

@: not resistant to hostile enchantments, very unstealthy
A: change form in water, swift swim
a: no special abilities


You were on level 2 of the Dungeon.
You were not hungry.

You visited 1 branch of the dungeon, and saw 2 of its levels.

You collected 62 gold pieces.

Inventory:

Hand Weapons
 a - a +0 trident
 j - a +0 spear of flaming (weapon)
Missiles
 k - 53 stones (quivered)
Armour
 b - a +0 leather armour (worn)
 c - a +0 helmet (worn)
 p - a +0 cloak (worn)
Jewellery
 e - a ring of wizardry (left hand)
Scrolls
 f - 2 scrolls of magic mapping
 m - a scroll of noise
 n - a scroll of fear {unknown}
Potions
 q - a potion of might {unknown}
Comestibles
 g - 2 meat rations
 h - a slice of pizza
 i - 2 chunks of flesh


   Skills:
 - Level 2.1 Fighting
 + Level 6.4 Polearms
 - Level 2.0 Throwing
 - Level 1.0 Armour
 - Level 4.0 Dodging
 - Level 0.2 Stealth


You had 3 spell levels left.
You didn't know any spells.

Dungeon Overview and Level Annotations

Branches:
Dungeon (2/15)

Altars:
Cheibriados
Nemelex Xobeh

Annotations:
D:2 Terence


Message History

The helpless Terence fails to defend himself.
You hit Terence but do no damage.
Terence struggles against the net.
The net rips apart, and Terence comes free!
Terence hits you with a hand axe!
You closely miss Terence. Terence hits you with a hand axe.
* * * LOW HITPOINT WARNING * * *
You are too injured to fight recklessly!
Throwing (i - inventory. (,) - cycle):
d - a throwing net (quivered)
Press: ? - help, Shift-Dir - straight line, f/p - Terence
Aim: Terence, wielding a hand axe and wearing a chain mail (berserk, fast, unusually strong)
You throw a throwing net. The throwing net barely misses Terence.
Terence misses you. Terence barely misses you.
A hobgoblin comes into view. It is wielding a club.
Terence hits you but does no damage.
Terence rages.
Terence hits you with a hand axe!
* * * LOW HITPOINT WARNING * * *
You closely miss the hobgoblin. Terence hits you with a hand axe.
You die...

..###..###....##8..8##.#.
..#..##..#.................
.##..#..##.###.###.....#...
###....###.# #.###########.
###...##...# #.............
#####...## #############.
#########.......#########...###..
.........##........=........+.#.#
.........##..g.@@g<.........#..<#
.........##...g..........##.###.#
.....(...###....#.........#......
#.###.#### ###'####.###.#.#####.#
# #. ..# #.....#... ...# ## ####
###########.### ... #. ### #. #.


You could see Terence (berserk), 2 hobgoblins and a goblin.

Vanquished Creatures
  A gnoll (D:1)
  4 dart slugs
  A giant gecko (D:1)
  A bat (D:1)
  4 giant cockroaches
  5 hobgoblins
  9 kobolds
  A ball python (D:2)
  A giant newt (D:1)
  3 goblins
  15 rats
45 creatures vanquished.

Notes
Turn   | Place    | Note
--------------------------------------------------------------
     0 | D:1      | jyri the Merfolk Gladiator began the quest for the Orb.
     0 | D:1      | Reached XP level 1. HP: 16/16 MP: 1/1
   108 | D:1      | Reached skill level 5 in Polearms
   122 | D:1      | Reached XP level 2. HP: 19/22 MP: 2/2
   570 | D:1      | Reached XP level 3. HP: 22/27 MP: 3/3
   687 | D:1      | Reached skill level 6 in Polearms
  1534 | D:2      | Found a sparkling altar of Nemelex Xobeh.
  1546 | D:2      | Found a snail-covered altar of Cheibriados.
  1565 | D:2      | Reached skill level 1 in Armour
  1565 | D:2      | Reached XP level 4. HP: 33/33 MP: 4/4
  1848 | D:2      | Noticed Terence
  1873 | D:2      | Slain by Terence

Vault maps used:
D:1:      erik_arrival_orb_chamber, kennysheep_minor_cross, minmay_cupped
D:2:      minmay_door_path, minitemple, ecumenical_altar_2,
          hangedman_glass_teeth, uniq_terence

Skill      XL: |  1  2  3 |
---------------+----------+-----
Polearms       | 5 6 |  6.4
Armour         | 1 |  1.0
Fighting       | |  2.1
Throwing       | |  2.0
Dodging        | |  4.0
Stealth        | |  0.2

Action                   |  1- 3 |  4- 6 || total
-------------------------+-------+-------++-------
Melee: Trident           |    56 |       ||    56
       Spear             |    73 |    19 ||    92
Throw: Throwing net      |       |     3 ||     3
  Use: Scroll            |       |     4 ||     4
 Stab: Sleeping          |     1 |       ||     1
       Held in net/web   |       |     1 ||     1
  Eat: Bread ration      |     1 |       ||     1
       Chunk             |     1 |       ||     1
Armor: Leather armour    |    23 |     4 ||    27
Dodge: Dodged            |    57 |    12 ||    69
